 Dungeon Crawl Stone Soup version 0.28.0-53-g5a82cb258f (webtiles) character file.

Game seed: 9630252346238762150

62 Peloso the Shield-Bearer (level 3, -9/33 HPs)
             Began as a Minotaur Fighter on June 23, 2022.
             Mangled by Sigmund
             ... wielding a +0 scythe
              (10 damage)
             ... on level 2 of the Dungeon.
             The game lasted 00:01:52 (1266 turns).

Peloso the Shield-Bearer (Minotaur Fighter)         Turns: 1266, Time: 00:01:53

Health: -9/33      AC:  7    Str: 20    XL:     3   Next: 85%
Magic:  2/2        EV:  9    Int:  5    God:
Gold:   74         SH:  0    Dex: 11    Spells: 2/2 levels left

rFire   . . .      SeeInvis .   a - +0 long sword
rCold   . . .      Faith    .   c - +0 buckler
rNeg    . . .      Spirit   .   b - +0 scale mail
rPois   .          Reflect  .   (helmet restricted)
rElec   .          Harm     .   (no cloak)
rCorr   .          Rampage  .   (no gloves)
Will    .....                   (no boots)
Stlth   ..........              (no amulet)
HPRegen 0.11/turn               (no ring)
MPRegen 0.08/turn               (no ring)

@: confused
A: horns 2, retaliatory headbutt
a: no special abilities


You were on level 2 of the Dungeon.
You visited 1 branch of the dungeon, and saw 2 of its levels.

You collected 74 gold pieces.

Inventory:

Hand Weapons
 a - a +0 long sword (weapon)
Armour
 b - a +0 scale mail (worn)
 c - a +0 buckler (worn)
Jewellery
 f - an amulet of reflection
Scrolls
 g - a scroll of vulnerability {unknown}
 i - 2 scrolls of teleportation {unknown}
 j - a scroll of fear {unknown}
Potions
 d - a potion of might


   Skills:
 + Level 4.1 Fighting
 + Level 3.5 Long Blades
 + Level 4.2 Armour
 + Level 0.4 Dodging
 + Level 4.2 Shields


You had 2 spell levels left.
You didn't know any spells.
Your spell library contained the following spells:

 Spells                   Type           Power      Damage    Failure   Level
 Foxfire                  Conj/Fire      0%         2x1d4     88%         1
 Conjure Flame            Conj/Fire      0%         6-21      99%         3
 Inner Flame              Hex/Fire       0%         N/A       99%         3
 Flame Wave               Conj/Fire      0%         2d4       100%        4


Dungeon Overview and Level Annotations

Branches:
Dungeon (2/15)

Altars:

Annotations:
D:2 Natasha, Sigmund


Innate Abilities, Weirdness & Mutations

You have a pair of horns on your head.
You reflexively headbutt those who attack you in melee.


Message History

You miss the bat.
The bat is moderately wounded.
You feel less confused. The bat hits you but does no damage.
The bat barely misses you. You furiously retaliate!
You headbutt the bat.
You kill the bat!
Natasha casts a spell at you. The magic dart hits you. Something hits you.
You closely miss something.
Natasha casts a spell.
Something hits you but does no damage.
You barely miss something. You headbutt something. You miss something.
Something hits you.
You hit something.
You hear some strange, mumbled words.
You are confused.
You're too confused to move!
Something hits you.
You bump into the rock wall.
Something hits you!
* * * LOW HITPOINT WARNING * * *
You hit something. Your headbutt misses something.
Natasha extends her claws.
Natasha casts a spell.
Something hits you!
* * * LOW HITPOINT WARNING * * *
You closely miss something.
The iron imp shouts, "Back with thee, thou worthless rude-growing Cock-Lorel!"
You closely miss something. Something hits you.
* * * LOW HITPOINT WARNING * * *
Natasha casts a spell.
It was a potion of cancellation.
Your magical effects are unravelling.
You feel magically purged.
You feel less confused.
You hear some strange, mumbled words.
You are confused.
It was a potion of magic.
Magic courses through your body. Something hits you.
* * * LOW HITPOINT WARNING * * *
Something hits you!
You die...

.......# #.#
.......# #.#
.....†.# #.#
.......#########.#
#............†...#
.................#
.................#
.......#########.#
.......### #@#
.........# #.#
.........#######{#
...............5h#
.........######.5#
.........# #..#
####.....# #..#
#.....# #..#
####### #..#


You could see an iron imp (summoned), Natasha and a white imp (summoned).

Vanquished Creatures
  An adder (D:2)
  A worm (D:2)
  A dart slug (D:2)
  7 endoplasms
  2 giant cockroaches (D:1)
  6 goblins
  5 hobgoblins
  A quokka (D:2)
  4 ball pythons
  7 bats
  4 kobolds
  5 rats (D:1)
44 creatures vanquished.

Notes
Turn   | Place    | Note
-------+----------+-------------------------------------------
     0 | D:1      | Peloso the Minotaur Fighter began the quest for the Orb.
     0 | D:1      | Reached XP level 1. HP: 19/19 MP: 0/0
   173 | D:1      | Reached XP level 2. HP: 22/27 MP: 1/1
   698 | D:1      | Found a faded altar of an unknown god.
   701 | D:1      | Reached XP level 3. HP: 33/33 MP: 2/2
  1243 | D:2      | Noticed Sigmund
  1246 | D:2      | Noticed Natasha
  1265 | D:2      | HP: 1/33 [something (1)]
  1266 | D:2      | Mangled by Sigmund

Illustrated notes

Levels and vault maps discovered:
D:1:      wander_arrival_fairy_ring, layout_basic, ebering_ecumenical_altar_webs
D:2:      layout_basic, uniq_natasha, uniq_sigmund

Skill      XL: |  1  2  3 |
---------------+----------+-----
Shields        | 4 |  4.2
Fighting       | 4 |  4.1
Armour         | 4 |  4.2
Long Blades    | 3 |  3.5
Dodging        | |  0.4

Action                   || total
-------------------------++-------
Melee: Long sword        ||    87
       Headbutt          ||     6
  Use: Potion            ||     2
Armor: Scale mail        ||    48
Dodge: Dodged            ||    43
Block: Buckler           ||    15
